 Dungeon Crawl Stone Soup version 0.27-a0-1513-g2aaa0cc67b (webtiles) character file.

Game seed: 16871483310846781714

74934 Sobieck the Bludgeoner (level 15, -20/169 HPs)
             Began as an Ogre Berserker on July 9, 2021.
             Was a High Priest of Trog.
             Demolished by a spriggan rider (23 damage)
             ... on level 6 of the Lair of Beasts.
             The game lasted 00:56:17 (27356 turns).

Sobieck the Bludgeoner (Ogre Berserker)            Turns: 27356, Time: 00:56:18

Health: -20/169    AC:  8    Str: 28    XL:     15   Next: 48%
Magic:  0/15       EV: 15    Int:  8    God:    Trog [*****.]
Gold:   2232       SH:  0    Dex: 16    Spells: 14/14 levels left

rFire    . . .     SeeInvis .   a - +7 giant spiked club (vorpal) {mace}
rCold    . . .     Faith    .   (shield currently unavailable)
rNeg     . . .     Spirit   +   D - +0 troll leather armour
rPois    .         Reflect  .   (helmet restricted)
rElec    .         Harm     .   j - +2 cloak
rCorr    .         Rampage  .   (gloves unavailable)
Will     ++++.                  (boots unavailable)
Stlth    +.........             N - amulet of guardian spirit
HPRegen  2.38/turn              f - ring of willpower
MPRegen  0.14/turn              i - +6 ring of dexterity

@: lethally poisoned (-20 -> -20), strong-willed, on berserk cooldown,
regenerating, slowed, studying Dodging, very slow
A: large, unfitting armour, tough skin 1
a: Renounce Religion, Berserk, Trog's Hand, Brothers in Arms


You were on level 6 of the Lair of Beasts.
You worshipped Trog.
Trog was extremely pleased with you.
You visited 3 branches of the dungeon, and saw 22 of its levels.
You also visited: Ossuary.

You collected 2232 gold pieces.


Innate Abilities, Weirdness & Mutations

You are too large for most types of armour.
You have tough skin. (AC +1)


   Skills:
 + Level 15.6 Fighting
 * Level 15.7 Maces & Flails
 + Level 13.4 Throwing
 + Level 3.2 Armour
 + Level 11.6 Dodging


You had 14 spell levels left.
You didn't know any spells.
Your spell library contained the following spells:

 Spells                   Type           Power      Damage    Failure   Level
 Foxfire                  Conj/Fire      0%         2x1d4     43%         1
 Magic Dart               Conj           0%         1d3       43%         1
 Shock                    Conj/Air       0%         1d3       43%         1
 Call Imp                 Summ           0%         N/A       58%         2
 Poisonous Vapours        Pois/Air       0%         N/A       58%         2
 Conjure Flame            Conj/Fire      0%         6-21      82%         3
 Dazzling Flash           Conj/Hex       0%         N/A       82%         3
 Inner Flame              Hex/Fire       0%         N/A       82%         3
 Mephitic Cloud           Conj/Pois/Air  0%         N/A       82%         3
 Swiftness                Air            0%         N/A       82%         3
 Airstrike                Air            0%         N/A       99%         4
 Iskenderun's Mystic Bla  Conj/Tloc      0%         2d3       99%         4
 Leda's Liquefaction      Hex/Erth       0%         N/A       99%         4
 Summon Ice Beast         Ice/Summ       0%         N/A       99%         4
 Bolt of Magma            Conj/Fire/Erth 0%         4d4       100%        5
 Freezing Cloud           Conj/Ice/Air   0%         6-21      100%        5
 Summon Forest            Summ/Tloc      0%         N/A       100%        5
 Summon Mana Viper        Hex/Summ       0%         N/A       100%        5
 Eringya's Noxious Bog    Tmut/Pois      0%         N/A       100%        6
 Starburst                Conj/Fire      0%         8x6d3     100%        6
 Statue Form              Tmut/Erth      0%         N/A       100%        6
 Monstrous Menagerie      Summ           0%         N/A       100%        7
 Summon Hydra             Summ           0%         N/A       100%        7

Inventory:

Hand Weapons
 a - a +7 vorpal giant spiked club (weapon) {mace}
   (Trog gifted it to you on level 5 of the Lair of Beasts)
 b - the +2 hunting sling "Hoes" {speed, rF++ Str+2, sling}
   (You found it on level 9 of the Dungeon)

   Attacks with this weapon are significantly faster.
   Str:       It affects your strength (+2).
   rF:        It greatly protects you from fire.
Missiles
 e - 374 stones {throwing}
 l - 6 atropa-tipped darts {throwing}
 n - 7 curare-tipped darts {=fthrowing}
 o - 148 bolts
 q - 125 poisoned darts {throwing}
 u - 386 arrows
 y - 126 sling bullets
 I - a throwing net {=f!fthrowing}
 P - 8 large rocks (quivered) {=fthrowing}
 Q - 8 silver boomerangs {throwing}
 U - 30 boomerangs {throwing}
Armour
 j - a +2 cloak (worn)
   (You found it on level 2 of the Dungeon)
 D - a +0 troll leather armour (worn)
   (You found it on level 10 of the Dungeon)
Jewellery
 f - a ring of willpower (left hand)
   (You found it on level 2 of the Dungeon)
 g - a ring of protection from fire
   (You found it on level 2 of the Lair of Beasts)
 i - a +6 ring of dexterity (right hand)
   (You found it on level 1 of the Dungeon)
 G - an amulet of faith {!P}
   (You found it on level 3 of the Lair of Beasts)
 H - a ring of protection from fire
   (You found it on level 10 of the Dungeon)
 L - a ring of willpower
   (You found it on level 8 of the Dungeon)
 M - a ring of resist corrosion
   (You found it on level 1 of the Lair of Beasts)
 N - an amulet of guardian spirit (around neck)
   (You found it on level 11 of the Dungeon)
 X - a ring of flight
   (You found it on level 3 of the Lair of Beasts)
 Z - a ring of ice
   (You took it off Fannar on level 10 of the Dungeon)
Wands
 m - a wand of digging (15)
   (You found it on level 5 of the Dungeon)
 A - a wand of flame (21)
   (You found it on level 6 of the Dungeon)
 B - a wand of charming (8)
   (You found it on level 6 of the Lair of Beasts)
 E - a wand of mindburst (51)
   (You found it on level 6 of the Dungeon)
 F - a wand of iceblast (17)
   (You found it on level 6 of the Dungeon)
 K - a wand of acid (11)
   (You found it on level 8 of the Dungeon)
Scrolls
 c - a scroll of enchant armour
 h - 2 scrolls of holy word
 k - 10 scrolls of teleportation {@r4}
 r - 2 scrolls of fog
 s - a scroll of blinking {!r}
 J - 2 scrolls of magic mapping {!r}
 R - 2 scrolls of identify {@r1}
 T - a scroll of fear
 V - 2 scrolls of silence {!r}
 Y - 2 scrolls of vulnerability {!r!r}
Potions
 d - 2 potions of haste {@q3}
 p - a potion of cancellation
 t - 2 potions of lignification {!q}
 v - 5 potions of curing {@q1}
 w - 2 potions of might
 x - 2 potions of heal wounds {@q2}
 z - 4 potions of attraction {!q}
 C - a potion of magic {unknown}
 O - 3 potions of mutation {!q}
 W - 3 potions of ambrosia
Miscellaneous
 S - a phantom mirror
   (You found it on level 9 of the Dungeon)

Dungeon Overview and Level Annotations

Branches:
Dungeon (14/15)            Temple (0/1) D:5            Lair (6/6) D:11
  Swamp (0/4) Lair:4       Spider (0/4) Lair:2        Slime (0/5) Lair:6
    Orc (2/2) D:11            Elf (0/3) Orc:2       Ossuary (visited)
 Vaults: D:13-14

Altars:
Cheibriados
Uskayaw
Xom
Zin
Beogh
Jiyva

Shops:
D:8 *   D:9 (!:*   D:11 [   Orc:2 ([[*:

Annotations:
Lair:6 3 runed translucent doors, exclusion: 3 oklob plants, apoch's ghost, journeyman MiFi

#.# ..##. .... ...
♣♣♣♣♣♣ .# ♣.)..♣♣ .#♣
♣♣♣.....♣ ..♣
♣♣.......♣♣ ..♣
♣♣†....♣...♣♣♣
.♣♣♣♣♣.†♣♣.♣♣♣♣♣@i♣♣♣
.♣ ♣..♣♣♣♣♣♣ ♣♣...♣♣♣
.♣♣♣)♣♣ ♣♣....♣♣
♣♣♣.♣♣ ♣♣♣...♣ # ♣.♣♣
♣ ♣♣♣....♣ # ♣..♣♣
♣.. .♣.....♣
♣...♣♣♣♣.... ..
..♣♣♣♣ ♣♣♣......♣ ..i
i.♣ ♣♣..♣♣♣♣ ..i. ..♣


You could see a spriggan rider.


Message History

You puncture the yak!
You feel sick. The yak completely misses you.
The spriggan rider closely misses you. 😨 HP[+1] MP[+1]
You barely miss the yak.
You feel sick. The yak completely misses you.
The spriggan rider completely misses you.
You impale the yak!!
You feel sick. The yak completely misses you.
The spriggan rider hits you from afar with a +0 spear!
* * * LOW HITPOINT WARNING * * *
😨 HP[-14] MP[-2]
You take 14 damage, and now have 98/253 hp.
You lost 2 mp, and now have 9/15 mp.
You puncture the yak!
You kill the yak!
Trog accepts your kill.
You feel sick.
The spriggan rider hits you from afar with a +0 spear!!
* * * LOW HITPOINT WARNING * * *
😨 HP[-16] MP[-1]
You take 16 damage, and now have 82/253 hp.
You lost 1 mp, and now have 8/15 mp.
You pound the black bear like an anvil!!!
You kill the black bear!
Trog accepts your kill.
You feel sick.
The spriggan rider hits you from afar with a +0 spear!
* * * LOW HITPOINT WARNING * * *
😨 HP[-10] MP[-1]
You take 10 damage, and now have 72/253 hp.
You lost 1 mp, and now have 7/15 mp.
You skewer the black bear like a kebab!!!
You feel the power of Trog in you as your rage grows.
You kill the black bear!
Trog accepts your kill.
You feel sick.
The spriggan rider hits you from afar with a +0 spear!!
* * * LOW HITPOINT WARNING * * *
The spriggan hits you with a +0 short sword.
* * * LOW HITPOINT WARNING * * *
😱 HP[-22] MP[-2]
You take 22 damage, and now have 50/253 hp.
You lost 2 mp, and now have 5/15 mp.
You closely miss the spriggan.
You feel sick.
The spriggan rider hits you from afar with a +0 spear!
* * * LOW HITPOINT WARNING * * *
The spriggan misses you. 😱 HP[-7] MP[-1]
You take 7 damage, and now have 43/253 hp.
You lost 1 mp, and now have 4/15 mp.
You miss the spriggan.
You feel sick.
You are no longer poisoned.
The spriggan hits you with a +0 short sword.
* * * LOW HITPOINT WARNING * * *
The spriggan rider hits you from afar with a +0 spear.
* * * LOW HITPOINT WARNING * * *
😱 HP[-5]
You take 5 damage, and now have 38/253 hp.
The spriggan blocks your attack.
The spriggan hits you with a +0 short sword!
* * * LOW HITPOINT WARNING * * *
The spriggan rider hits you but does no damage. 😱 HP[-6] MP[-1]
You take 6 damage, and now have 32/253 hp.
You lost 1 mp, and now have 3/15 mp.
You miss the spriggan. The spriggan closely misses you.
The spriggan rider hits you from afar with a +0 spear!!
* * * LOW HITPOINT WARNING * * *
😱 HP[-17] MP[-2]
You take 17 damage, and now have 15/253 hp.
You lost 2 mp, and now have 1/15 mp.
You bludgeon the spriggan!!
You kill the spriggan!
Trog accepts your kill.
The spriggan rider hits you from afar with a +0 spear.
* * * LOW HITPOINT WARNING * * *
😱 HP[-1] MP[-1]
You take 1 damage, and now have 14/253 hp.
You lost 1 mp, and now have 0/15 mp.
You bludgeon the komodo dragon!!
You kill the komodo dragon!
Trog accepts your kill.
The spriggan rider throws a curare-tipped dart.
The curare-tipped dart hits you.
You are poisoned.
You have difficulty breathing.
* * * LOW HITPOINT WARNING * * *
You feel as though you will be slow longer. 😱 HP[-7]
You take 7 damage, and now have 7/253 hp.
You feel very sick. The spriggan rider misses you.
Items here: )) [[[ †††. 😱 HP[-1]
You take 1 damage, and now have 6/253 hp.
You barely miss the spriggan rider.
You are no longer berserk.
You are exhausted.
You feel as though you will be slow longer.
You feel very sick.
The spriggan rider hits you with a +0 spear!!
You die...

Skill      XL: |  1  2  3  4  5  6  7  8  9 10 11 12 13 14 15 |
---------------+----------------------------------------------+-----
Maces & Flails | 3 4 6 8 10 12 13 14 15 | 15.7
Throwing       | 1 2 3 4 6 7 8 9 11 13 | 13.4
Dodging        | 3 4 5 6 7 8 9 10 11 | 11.6
Fighting       | 5 6 7 9 10 11 12 14 15 | 15.6
Armour         | 1 3 |  3.2

Action                   |  1- 3 |  4- 6 |  7- 9 | 10-12 | 13-15 || total
-------------------------+-------+-------+-------+-------+-------++-------
Melee: Mace              |   124 |   101 |   320 |       |       ||   545
       Giant spiked club |       |       |    55 |   390 |   207 ||   652
       Giant club        |       |       |       |   117 |   564 ||   681
 Fire: Shortbow          |       |       |     3 |     1 |       ||     4
       Hunting sling     |       |       |       |   127 |   330 ||   457
Throw: Stone             |    14 |    42 |       |    27 |       ||    83
       Large rock        |       |       |       |     2 |       ||     2
Invok: Berserk           |     3 |     7 |    12 |    20 |    25 ||    67
       Trog's Hand       |       |       |     5 |     5 |     5 ||    15
       Brothers in Arms  |       |       |       |     3 |     4 ||     7
  Use: Scroll            |       |     5 |    17 |     1 |     7 ||    30
       Potion            |       |       |       |       |     2 ||     2
 Stab: Sleeping          |     2 |       |       |       |       ||     2
Armor: Animal skin       |    41 |    18 |   123 |       |       ||   182
       Steam dragon scal |       |       |       |   107 |       ||   107
       Acid dragon scale |       |       |       |    40 |       ||    40
       Troll leather arm |       |       |       |    63 |   269 ||   332
Dodge: Dodged            |    64 |    69 |   256 |   410 |   867 ||  1666

Levels and vault maps discovered:
D:1:      dpeg_arrival_lava_temple_mockup, layout_loops_ring,
          dilly_ecumenical_altar_fadedgnrine, st_stairs_6
D:2:      layout_loops_ring, feat_on_display
D:3:      layout_loops_corners, mainiacjoe_overflow_boulevard, st_stairs_3
D:4:      layout_loops_cross, portal_sewer_entry_e
D:5:      layout_basic, minmay_temple_entry_grid, nicolae_ossuary_entry_ruins
D:6:      cheibrodos_barr_body, layout_basic, overflow_temple_1_default
D:7:      layout_basic, chei_slow_surprise, minmay_gold_behind_fungi
D:8:      minmay_quarter_circles, layout_cave_pools, general_overflow_altar,
          serial_shops, shop
D:9:      layout_basic, serial_shops, nicolae_shop_overgrown_old_shop, shop,
          shop_fountains, nicolae_diamond_shop, grunt_decor_cap, disabler_island
D:10:     layout_roguey, uniq_fannar, uniq_psyche
D:11:     layout_cave_pools, lair_entry_dummy,
          kennysheep_orc_monster_closet_entryway, serial_shops,
          nicolae_shop_statue_plus
D:12:     layout_basic, uniq_frances
D:13:     layout_cave_pools, hellmonk_bongcloud_opening, uniq_sonja
D:14:     layout_irregular_city, erik_vaults_2, portal_ice_cave_entry_dragon,
          kiku_gazebo_pond_becter, serial_ice, serial_ice_l, serial_ice_g,
          serial_ice_f, serial_ice_c, serial_ice_n, serial_ice_d,
          grunt_ministairs_13, kennysheep_generic_room_6
Lair:1:   wad_woods_04, layout_cave_shapes, beast_lair_carwin_1
Lair:2:   layout_gridlike, nicolae_spider_entry_non_spiders,
          gauntlet_entry_generic, special_room [special_room_bee]
Lair:3:   layout_concentric_octagons
Lair:4:   layout_hall_layers, palyth_hydra_swamp_entry,
          nicolae_quartered_pool_little, st_stairs_4
Lair:5:   regret_index_combs_of_tragedy, layout_small_grid, patterned_corridor
Lair:6:   minmay_lair_end_enchanted_forest, layout_gridlike, slime_altar_1,
          ebering_ghost_rock_garden, serial_forest, infiniplex_forest_corner_1,
          infiniplex_forest_lined_room_, infiniplex_forest_clump_medium,
          infiniplex_forest_clump_curved, infiniplex_forest_fountain,
          infiniplex_forest_straight_3, infiniplex_forest_lined_corner,
          infiniplex_forest_straight_1, infiniplex_forest_zigzag_1,
          lemuel_centaur_altar, minmay_lair_oklob_chamber,
          infiniplex_staircase_pool, serial_bayou_shore_b, uniq_snorg
Orc:1:    layout_diamond_mine, nicolae_orc_lava_tube, mines2_david, uniq_harold
Orc:2:    st_orc_town, layout_caves, serial_shops, nicolae_square_shop

Notes
Turn   | Place    | Note
-------+----------+-------------------------------------------
     0 | D:1      | Sobieck the Ogre Berserker began the quest for the Orb.
     0 | D:1      | Reached XP level 1. HP: 24/24 MP: 1/1
     0 | D:1      | magus.rc [v1.9.6]
   103 | D:1      | Reached XP level 2. HP: 32/32 MP: 2/2
   294 | D:1      | Reached skill level 3 in Maces & Flails
   645 | D:1      | Reached XP level 3. HP: 33/40 MP: 3/3
   690 | D:1      | Reached skill level 1 in Throwing
   775 | D:1      | Reached skill level 3 in Dodging
   877 | D:1      | Reached ** piety under Trog
  1138 | D:1      | Found a faded altar of an unknown god.
  1646 | D:2      | HP: 9/40 [worm (9)]
  2258 | D:2      | Reached XP level 4. HP: 48/49 MP: 4/4
  2751 | D:3      | Reached XP level 5. HP: 55/55 MP: 5/5
  3350 | D:3      | Found a shimmering altar of Xom.
  3429 | D:3      | Reached skill level 5 in Fighting
  3495 | D:3      | Reached skill level 4 in Maces & Flails
  3739 | D:4      | Reached skill level 2 in Throwing
  3860 | D:5      | Entered Level 5 of the Dungeon
  3870 | D:5      | Noticed a necrophage
  3880 | D:5      | Killed a necrophage
  3881 | D:5      | Reached XP level 6. HP: 66/66 MP: 6/6
  3909 | D:5      | Found a sand-covered staircase.
  3968 | Ossuary  | Entered an ossuary
  4295 | Ossuary  | Reached *** piety under Trog
  4302 | Ossuary  | Reached XP level 7. HP: 74/74 MP: 7/7
  4309 | Ossuary  | Reached skill level 5 in Maces & Flails
  4309 | Ossuary  | Reached skill level 4 in Dodging
  4448 | Ossuary  | Reached skill level 3 in Throwing
  4456 | Ossuary  | Reached skill level 6 in Fighting
  4831 | Ossuary  | You add the spells Summon Forest, Eringya's Noxious Bog and
                  | Summon Hydra to your library.
  4851 | Ossuary  | Identified a scroll of acquirement
  4851 | Ossuary  | Acquired a manual of Maces & Flails
  4887 | D:5      | HP: 28/112 [gnoll (5)]
  4908 | D:5      | HP: 17/76 [hound (4)]
  4915 | D:5      | HP: 18/76 [hound (3)]
  5336 | D:4      | Reached skill level 6 in Maces & Flails
  5391 | D:4      | Reached XP level 8. HP: 84/84 MP: 8/8
  6353 | D:5      | Found a staircase to the Ecumenical Temple.
  6623 | D:5      | Reached skill level 4 in Throwing
  7065 | D:6      | Reached skill level 7 in Fighting
  7065 | D:6      | Reached skill level 7 in Maces & Flails
  7067 | D:6      | Reached **** piety under Trog
  7223 | D:6      | Found a glowing silver altar of Zin.
  7248 | D:6      | Reached skill level 5 in Dodging
  7254 | D:6      | Reached skill level 8 in Maces & Flails
  7297 | D:6      | Reached XP level 9. HP: 43/93 MP: 9/9
  7786 | D:6      | Reached skill level 5 in Throwing
  7791 | D:6      | Reached skill level 8 in Fighting
  7791 | D:6      | Reached skill level 9 in Maces & Flails
  8135 | D:6      | Noticed a manticore
  8144 | D:6      | Killed a manticore
  8145 | D:6      | Reached skill level 10 in Maces & Flails
  8151 | D:6      | Reached skill level 6 in Dodging
  8735 | D:6      | Reached skill level 9 in Fighting
  8735 | D:6      | Reached skill level 6 in Throwing
  8735 | D:6      | Reached XP level 10. HP: 107/107 MP: 10/10
  8899 | D:7      | Found a snail-covered altar of Cheibriados.
  9201 | D:7      | You pick up a book of Beasts {forbidden} and begin
                  | reading...
  9201 | D:7      | You add the spells Summon Ice Beast, Summon Mana Viper and
                  | Monstrous Menagerie to your library.
  9322 | D:7      | Reached skill level 11 in Maces & Flails
 10138 | D:8      | Found Weammuo's Assorted Antiques.
 10431 | D:8      | Reached ***** piety under Trog
 10448 | D:8      | Reached skill level 12 in Maces & Flails
 10455 | D:8      | Reached skill level 10 in Fighting
 10586 | D:8      | Reached skill level 7 in Dodging
 10590 | D:8      | Reached skill level 7 in Throwing
 10758 | D:8      | Noticed a cyclops
 10769 | D:8      | Killed a cyclops
 10770 | D:8      | Reached XP level 11. HP: 114/119 MP: 11/11
 11262 | D:8      | Found a hide-covered altar of Uskayaw.
 11437 | D:9      | Identified the +2 hunting sling "Hoes" {speed, rF++ Str+2}
 11633 | D:9      | Found Xasuret's Book Boutique.
 11832 | D:9      | Found Fyla's Distillery.
 11860 | D:9      | Found Ziczy's Weapon Shoppe.
 12077 | D:10     | Entered Level 10 of the Dungeon
 12262 | D:9      | Noticed a two-headed ogre
 12269 | D:9      | Killed a two-headed ogre
 12551 | D:9      | Noticed an oklob plant
 12551 | D:9      | Noticed an oklob plant
 12747 | D:9      | Reached skill level 11 in Fighting
 12763 | D:9      | Reached skill level 13 in Maces & Flails
 12904 | D:9      | Found Cijyco's Assorted Antiques.
 13034 | D:9      | Paralysed by a floating eye for 3 turns
 13041 | D:9      | Paralysed by a floating eye for 2 turns
 13047 | D:9      | Paralysed by a floating eye for 3 turns
 13056 | D:9      | Paralysed by a floating eye for 2 turns
 13077 | D:9      | Killed an oklob plant
 13078 | D:9      | Reached skill level 8 in Throwing
 13085 | D:9      | Killed an oklob plant
 13086 | D:9      | Reached skill level 8 in Dodging
 13542 | D:10     | Noticed a two-headed ogre
 13561 | D:10     | Killed a two-headed ogre
 13783 | D:10     | Noticed Fannar
 13788 | D:10     | Killed Fannar
 13834 | D:10     | Noticed a cyclops
 13848 | D:10     | Killed a cyclops
 14150 | D:10     | Reached XP level 12. HP: 115/130 MP: 12/12
 14974 | D:10     | Noticed Psyche
 14980 | D:10     | Killed Psyche
 15228 | D:11     | Reached skill level 12 in Fighting
 15440 | D:11     | Reached skill level 9 in Throwing
 15542 | D:11     | Reached ****** piety under Trog
 15717 | D:11     | Identified the +4 giant club of the Six Stories {vorpal,
                  | Fly rPois rF+ Stlth-} (Trog gifted it to you on level 11 of
                  | the Dungeon)
 15717 | D:11     | Received a gift from Trog
 15775 | D:11     | Found Roessel's Antique Armour Boutique.
 15920 | D:11     | Found a staircase to the Lair.
 15961 | D:11     | Found a staircase to the Orcish Mines.
 16281 | Orc:1    | Entered Level 1 of the Orcish Mines
 16291 | Orc:1    | Noticed Harold
 16322 | D:11     | Reached skill level 14 in Maces & Flails
 16416 | Orc:1    | Killed Harold
 16417 | Orc:1    | Reached skill level 9 in Dodging
 16520 | Orc:2    | Entered Level 2 of the Orcish Mines
 17082 | Orc:2    | Found Barudegi's Antique Armour Shoppe.
 17114 | Orc:2    | Noticed an orc high priest
 17118 | Orc:2    | Killed an orc high priest
 17130 | Orc:2    | Received a gift from Trog
 17134 | Orc:2    | Reached XP level 13. HP: 107/141 MP: 8/13
 17226 | Orc:2    | Found a staircase to the Elven Halls.
 17466 | Orc:2    | Reached skill level 13 in Fighting
 17798 | Orc:1    | Reached skill level 10 in Throwing
 17817 | Orc:1    | Received a gift from Trog
 17818 | Orc:1    | X - a +2 antimagic eveningstar {macerare=g}
 18133 | Orc:2    | Found Qijehelo's Book Shoppe.
 18133 | Orc:2    | Found Ituhodof's Assorted Antiques.
 18175 | Orc:2    | Found Ibixot's Antique Armour Shoppe.
 18175 | Orc:2    | Found Joimicw's Weapon Shop.
 18591 | D:12     | You pick up a book of Spectacle {forbidden} and begin
                  | reading...
 18591 | D:12     | You add the spells Dazzling Flash, Iskenderun's Mystic
                  | Blast and Starburst to your library.
 18692 | D:12     | You pick up a book of Air {forbidden} and begin reading...
 18692 | D:12     | You add the spells Shock, Swiftness and Airstrike to your
                  | library.
 18883 | D:12     | Reached skill level 15 in Maces & Flails
 19016 | D:13     | Reached skill level 10 in Dodging
 19056 | D:12     | Identified the +6 scale mail "Ykkales" {rPois rC+++ Int-5
                  | Dex-4}
 19080 | D:12     | Noticed Frances
 19086 | D:12     | Killed Frances
 19512 | Lair:1   | Entered Level 1 of the Lair of Beasts
 19767 | Lair:1   | Reached skill level 14 in Fighting
 20135 | Lair:2   | Found a hole to the Spider Nest.
 20461 | Lair:1   | Reached skill level 11 in Throwing
 20469 | Lair:1   | Reached XP level 14. HP: 156/156 MP: 14/14
 21364 | Lair:1   | Received a gift from Trog
 21585 | Lair:1   | Reached skill level 11 in Dodging
 21746 | Lair:2   | Reached skill level 15 in Fighting
 22044 | Lair:2   | You pick up a book of Minor Magic {forbidden} and begin
                  | reading...
 22044 | Lair:2   | You add the spells Magic Dart, Call Imp and Mephitic Cloud
                  | to your library.
 22563 | Lair:3   | Reached skill level 12 in Throwing
 22717 | Lair:2   | You drop a +2 antimagic eveningstar {macerare=g}.
 23140 | Lair:3   | You pick up a book of Vapours {forbidden} and begin
                  | reading...
 23140 | Lair:3   | You add the spells Poisonous Vapours and Freezing Cloud to
                  | your library.
 23635 | Lair:4   | Reached skill level 13 in Throwing
 24433 | Lair:4   | Reached skill level 1 in Armour
 24564 | Lair:4   | Found a staircase to the Swamp.
 24803 | Lair:6   | Entered Level 6 of the Lair of Beasts
 24997 | Lair:5   | Received a gift from Trog
 25169 | Lair:6   | Reached XP level 15. HP: 163/167 MP: 13/15
 25183 | Lair:6   | Reached skill level 2 in Armour
 25557 | Lair:5   | HP: 40/167 [six-headed hydra (4)]
 25876 | Lair:5   | You pick up a book of Stone {forbidden} and begin
                  | reading...
 25876 | Lair:5   | You add the spells Leda's Liquefaction, Bolt of Magma and
                  | Statue Form to your library.
 26762 | Lair:6   | You pick up a book of Flames {forbidden} and begin
                  | reading...
 26762 | Lair:6   | You add the spells Foxfire, Conjure Flame and Inner Flame
                  | to your library.
 26895 | Lair:5   | HP: 39/167 [cane toad (19)]
 26898 | Lair:5   | Reached skill level 3 in Armour
 26900 | Lair:5   | HP: 37/250 [poisoned by a cane toad]
 27001 | Lair:6   | Found a staircase to the Slime Pits.
 27002 | Lair:6   | Found a viscous altar of Jiyva.
 27131 | Lair:6   | Found a runed translucent gate.
 27132 | Lair:6   | Found a runed translucent gate.
 27132 | Lair:6   | Noticed apoch's ghost (journeyman MiFi)
 27133 | Lair:6   | Found a runed translucent gate.
 27335 | Lair:6   | Paralysed by a hornet for 2 turns
 27348 | Lair:6   | HP: 53/253 [spriggan rider (20)]
 27352 | Lair:6   | HP: 15/253 [spriggan rider (20)]
 27354 | Lair:6   | HP: 7/253 [asphyx]
 27356 | Lair:6   | HP: 3/169 [poisoned by a spriggan rider (curare-tipped
                  | dart)]
 27356 | Lair:6   | Demolished by a spriggan rider

Vanquished Creatures
  Fannar (D:10)
  2 boulder beetles
  10 hydras
  Harold (Orc:1)
  3 two-headed ogres
  5 orc high priests
  6 death yaks (Lair:3)
  An orc knight (Orc:1)
  2 cyclopes
  2 oklob plants (D:9)
  9 elephants
  2 orc sorcerers (Orc:1)
  2 manticores
  A black mamba (shapeshifter) (D:13)
  A torpor snail (Lair:6)
  5 black mambas
  14 cane toads
  2 gargoyles
  2 rime drakes
  Psyche (D:10)
  A kobold demonologist (D:12)
  9 komodo dragons
  A tengu conjurer (D:8)
  2 queen bees
  3 polar bears
  2 meliai (Lair:5)
  A tyrant leech (Lair:4)
  7 trolls
  2 hornets (Lair:6)
  9 blink frogs
  8 dream sheep
  3 spriggans (Lair:6)
  A vampire (D:12)
  A wraith (D:12)
  4 wyverns
  A human (shapeshifter) (D:8)
  10 basilisks
  47 yaks
  A water elemental (D:12)
  5 steam dragons
  16 vampire mosquitoes
  8 wargs
  2 acid dragons (D:9)
  15 water moccasins
  24 orc warriors
  A floating eye (D:9)
  3 sky beasts
  3 black bears
  5 necrophages
  2 ice beasts (D:8)
  9 ogres
  A boggart (Lair:6)
  29 wolves
  7 centaurs
  6 kobold brigands
  15 bullfrogs
  7 water moccasin zombies
  5 scorpions
  4 gnoll sergeants
  2 wyvern zombies
  A water moccasin skeleton (D:6)
  A wyvern skeleton (D:6)
  46 killer bees
  12 wights
  10 electric eels
  A howler monkey (D:8)
  6 centaur zombies
  A bullfrog zombie (D:6)
  5 jellies
  31 orc priests
  A hound (D:5)
  2 bullfrog skeletons
  6 iguanas
  18 orc wizards
  A killer bee zombie (D:8)
  3 mummies
  14 gnolls
  4 adders
  A river rat (D:4)
  3 shadow imps
  3 white imps
  An ufetubus (D:6)
  An adder skeleton (D:4)
  5 adder zombies (Ossuary)
  7 worms
  2 dart slugs (D:3)
  72 orcs
  10 ball pythons
  7 endoplasms
  4 giant cockroaches
  3 gnoll zombies (Ossuary)
  5 goblins
  10 hobgoblins
  13 jackals
  18 kobolds
  5 quokkas
  6 bats
  3 frilled lizards
  6 hobgoblin zombies (Ossuary)
  6 kobold zombies (Ossuary)
  4 orc zombies (Ossuary)
  2 rats (D:4)
714 creatures vanquished.

Vanquished Creatures (collateral kills)
  Frances (D:12)
  A hydra (Lair:5)
  A manticore (Lair:5)
  A black mamba (Lair:5)
  A troll (D:8)
  4 meliai (Lair:5)
  A yak (Lair:5)
  A steam dragon (D:8)
  An ogre (D:11)
  2 kobold brigands
  A gnoll sergeant (D:11)
  17 killer bees
  3 wights (D:8)
  A shadow imp (D:8)
  4 kobolds (D:8)
40 creatures vanquished.

Vanquished Creatures (others)
  An orc wizard (D:12)
  An orc (D:12)
  31 fungi
  82 plants
  4 toadstools (D:7)
119 creatures vanquished.

Grand Total: 873 creatures vanquished

Table legend:
 A = Non-vault XP
 B = Vault XP
 C = Vault XP percentage of total XP
 D = Non-vault monster count
 E = Vault monster count
 F = Vault count percentage of total count
                 A         B        C        D         E       F
            +---------+---------+-------+---------+---------+-------
      Total |   69184 |   37865 |  35.4 |     463 |     293 |  38.8
            +---------+---------+-------+---------+---------+-------
        D:1 |      56 |       1 |   1.8 |      30 |       1 |   3.2
        D:2 |      27 |       0 |   0.0 |      12 |       0 |   0.0
        D:3 |     126 |       3 |   2.3 |      21 |       2 |   8.7
        D:4 |     191 |      28 |  12.8 |      19 |       8 |  29.6
        D:5 |     589 |       0 |   0.0 |      15 |       0 |   0.0
        D:6 |    2125 |     973 |  31.4 |      26 |      13 |  33.3
        D:7 |     675 |      18 |   2.6 |       9 |       1 |  10.0
        D:8 |    1197 |    4034 |  77.1 |      25 |      35 |  58.3
        D:9 |    3355 |    1248 |  27.1 |      43 |       3 |   6.5
       D:10 |    5293 |    1760 |  25.0 |      20 |       4 |  16.7
       D:11 |    2166 |    1627 |  42.9 |      25 |      22 |  46.8
       D:12 |    7759 |    1153 |  12.9 |      31 |       1 |   3.1
       D:13 |     468 |       0 |   0.0 |       1 |       0 |   0.0
     Lair:1 |    9319 |     893 |   8.7 |      40 |       7 |  14.9
     Lair:2 |    5601 |    2613 |  31.8 |      19 |      26 |  57.8
     Lair:3 |    7617 |       0 |   0.0 |      18 |       0 |   0.0
     Lair:4 |    4769 |    3502 |  42.3 |      19 |       6 |  24.0
     Lair:5 |    5542 |    8462 |  60.4 |      17 |      54 |  76.1
     Lair:6 |    7346 |    3568 |  32.7 |      27 |      18 |  40.0
      Orc:1 |    4296 |    2327 |  35.1 |      36 |      17 |  32.1
      Orc:2 |     667 |    5101 |  88.4 |      10 |      43 |  81.1
    Ossuary |       0 |     554 | 100.0 |       0 |      32 | 100.0
            +---------+---------+-------+---------+---------+-------

Illustrated notes

Table legend:
 A = Kills in this place as a percentage of kills in entire the game.
 B = Kills by you in this place as a percentage of kills by you in the entire game.
 C = Kills by friends in this place as a percentage of kills by friends in the entire game.
 D = Other kills in this place as a percentage of other kills in the entire game.
 E = Experience gained in this place as a percentage of experience gained in the entire game.
 F = Experience gained in this place divided by the number of levels of this place that you have seen.
                   A       B       C       D       E      F
               +-------+-------+-------+-------+-------+----------------------
         Total | 100.0 | 100.0 | 100.0 | 100.0 | 100.0 | 4654.3
       Dungeon |  48.5 |  49.0 |  37.5 | 100.0 |  32.6 | 2490.9
          Lair |  33.2 |  31.7 |  62.5 |   0.0 |  55.3 | 9872.0
  Orcish Mines |  14.0 |  14.8 |   0.0 |   0.0 |  11.6 | 6195.5
       Ossuary |   4.2 |   4.5 |   0.0 |   0.0 |   0.5 | 554.0
               +-------+-------+-------+-------+-------+----------------------

Table legend: (Time is in decaauts)
 A = Elapsed time spent in this place.
 B = Non-inter-level travel time spent in this place.
 C = Inter-level travel time spent in this place.
 D = Time resting spent in this place.
 E = Time spent auto-exploring this place.
 F = Levels seen in this place.
 G = Mean time per level.
                   A        B        C        D        E       F      G
               +--------+--------+--------+--------+--------+-----+--------+
         Total |  27903 |  26372 |   1531 |   8457 |  12960 |  23 | 1213.2 |
       Dungeon |  17390 |  16470 |    920 |   5282 |   8319 |  14 | 1242.1 |
          Lair |   7779 |   7242 |    537 |   2039 |   3905 |   6 | 1296.5 |
  Orcish Mines |   1774 |   1701 |     73 |    437 |    736 |   2 |  887.0 |
       Ossuary |    959 |    959 |      0 |    698 |      0 |   1 |  959.0 |
               +--------+--------+--------+--------+--------+-----+--------+

Top non-repeatable levels by time:
    D:10: 2079 daAuts
  Lair:5: 2054 daAuts
     D:9: 2028 daAuts
     D:6: 1969 daAuts
     D:8: 1803 daAuts
  Lair:2: 1651 daAuts
     D:1: 1418 daAuts
     D:5: 1282 daAuts
    D:11: 1244 daAuts
    D:12: 1239 daAuts
  Lair:3: 1228 daAuts
     D:2: 1187 daAuts
     D:4: 1165 daAuts
  Lair:4: 1127 daAuts
     D:3: 1081 daAuts
